 Dungeon Crawl Stone Soup version 0.17-a0-1150-g17b0b87 (webtiles) character file.

239 Lugonue the Firebug (level 6, -10/33 HPs)
             Began as a Tengu Fire Elementalist on May 27, 2015.
             Killed from afar by Blork the orc (12 damage)
             ... with a puff of frost
             ... on level 5 of the Dungeon.
             The game lasted 00:13:11 (3006 turns).

Lugonue the Firebug (Tengu Fire Elementalist)       Turns: 3006, Time: 00:13:11

Health: -10/33     AC:  4    Str: 10    XL:     6   Next: 7%
Magic:  0/11       EV: 21    Int: 15    God:
Gold:   192        SH:  0    Dex: 20    Spells: 3 memorised, 5 levels left

rFire  . . .     SeeInvis .     g - +2 dagger (speed)
rCold  . . .     Clarity  .     l - +0 leather armour
rNeg   . . .     SustAt   +     (no shield)
rPois  .         Gourm    .     (helmet restricted)
rElec  .         Spirit   .     (no cloak)
rCorr  .         Warding  .     j - +0 pair of gloves
rMut   .         Stasis   .     (boots unavailable)
MR     .....                    (no amulet)
Stlth  +++.......               k - ring of sustain attributes
                                n - +2 ring of evasion

@: agile, very slightly contaminated, not resistant to hostile enchantments,
fairly stealthy
A: beak, talons 3, able to fly 1
a: Fly


You were on level 5 of the Dungeon.
You were full.

You visited 1 branch of the dungeon, and saw 5 of its levels.

You collected 192 gold pieces.

Inventory:

Hand weapons
 g - a +2 dagger of speed (weapon)
 m - a +0 trident
 p - a +0 falchion of holy wrath
Armour
 a - a +0 shield
 j - a +0 pair of gloves (worn)
 l - a +0 leather armour (worn)
Jewellery
 e - an uncursed ring of teleportation
 k - a ring of sustain attributes (right hand)
 n - a +2 ring of evasion (left hand)
Scrolls
 r - a scroll of immolation
Potions
 i - 2 potions of brilliance
 o - a potion of degeneration {unknown}
 s - a potion of magic {unknown}
 t - a potion of mutation {unknown}
Books
 b - a book of Flames

   Spells                             Type                      Level
   a - Flame Tongue                   Conjuration/Fire             1
   b - Throw Flame                    Conjuration/Fire             2
   c - Conjure Flame                  Conjuration/Fire             3
   d - Inner Flame                    Hexes/Fire                   3
   e - Sticky Flame                   Conjuration/Fire             4
   f - Fireball                       Conjuration/Fire             5
 w - an Akashic Record {highlevel, unknown}

   This book is beyond your current level of understanding.

   Spells                             Type                      Level
   a - Dispersal                      Translocation                6
   b - Controlled Blink               Translocation                7
   c - Malign Gateway                 Summoning/Translocation      7
   d - Disjunction                    Translocation                8
   e - Singularity                    Translocation                9
Comestibles
 c - 3 bread rations


   Skills:
 + Level 0.4 Fighting
 + Level 0.9 Short Blades
 + Level 1.2 Armour
 * Level 3.8 Dodging
 - Level 2.0 Stealth
 + Level 3.1 Spellcasting
 * Level 3.7 Conjurations
 + Level 4.1 Fire Magic


You had 5 spell levels left.
You knew the following spells:

 Your Spells              Type           Power        Failure   Level  Hunger
a - Flame Tongue          Conj/Fire      ##...        6%          1    #......
b - Throw Flame           Conj/Fire      ##....       10%         2    ##.....
c - Conjure Flame         Conj/Fire      ##......     17%         3    ###....


Dungeon Overview and Level Annotations

Branches:
Dungeon (5/15)
 Temple: D:4-7

Altars:
Xom

Annotations:
D:5 Blork the orc


Innate Abilities, Weirdness & Mutations

You have a beak for a mouth.
You have claws for feet.
You can fly.


Message History

Confirm with . or Enter, or press ? or * to list all spells.
Okay, then.
Unknown command.
Casting: Flame Tongue
Confirm with . or Enter, or press ? or * to list all spells.
Aiming: Flame Tongue
Press: ? - help, Shift-Dir - straight line, f/p - worker ant
Aim: a worker ant You miscast Flame Tongue.
You smell smoke.
Something barely misses you.
Drink which item? (? for menu, Esc to quit)
It was a potion of agility.
You feel agile all of a sudden. Something hits you.
* * * LOW HITPOINT WARNING * * *
Drink which item? (? for menu, Esc to quit)
Okay, then.
You hear some strange, mumbled words.
A puff of frost appears from out of thin air!
The puff of frost hits you!
You die...

...##..# ... #..# ..#..
... ... #Y# .<##..#..# #.#
#.. #.# # # ..#..# #.. ...
#a# . ..#..# #.# #.# #5# #
#.#..# #.# #.# #.# #.#..#
#.# #.# #.#
######.#..###.###.####.###
................@.aY.....#
..........################
.......#.## ######.#.#
#####


You could see an ice beast and a worker ant.

Vanquished Creatures
  A crimson imp (D:5)
  A hound (D:3)
  A hound skeleton (D:4)
  7 adders
  2 oozes (D:3)
  An adder zombie (D:5)
  5 worms
  2 giant geckos (D:1)
  7 bats
  A giant cockroach (D:1)
  7 goblins
  10 hobgoblins
  4 kobolds
  7 quokkas
  A ball python (D:2)
  7 giant newts
  9 rats
73 creatures vanquished.

Notes
Turn   | Place    | Note
--------------------------------------------------------------
     0 | D:1      | Lugonue the Tengu Fire Elementalist began the quest for the Orb.
     0 | D:1      | Reached XP level 1. HP: 10/10 MP: 4/4
   364 | D:1      | Reached XP level 2. HP: 13/15 MP: 1/6
   368 | D:1      | Learned a level 2 spell: Throw Flame
  1011 | D:2      | Reached XP level 3. HP: 19/19 MP: 1/7
  1425 | D:2      | Reached XP level 4. HP: 24/24 MP: 5/8
  1927 | D:3      | Gained mutation: You can fly. [Tengu growth]
  1927 | D:3      | Reached XP level 5. HP: 15/28 MP: 0/10
  2055 | D:3      | Reached skill level 4 in Fire Magic
  2611 | D:3      | Found a shimmering altar of Xom.
  2784 | D:4      | Learned a level 3 spell: Conjure Flame
  2873 | D:5      | Entered Level 5 of the Dungeon
  2978 | D:5      | Noticed Blork the orc
  2983 | D:5      | Noticed an ice beast
  2993 | D:5      | Reached skill level 1 in Armour
  2993 | D:5      | Reached XP level 6. HP: 17/33 MP: 2/11
  3006 | D:5      | Killed from afar by Blork the orc

Vault maps used:
D:1:      dpeg_arrival_water_temple_mockup
D:3:      lemuel_round_altar, first_bread, dk_noncrumbling_4,
          kennysheep_generic_room_8
D:4:      old_standard_altar, minmay_cut_off
D:5:      cheibrodos_ashenzari_chains, minmay_misc_feat_roman, uniq_sigmund,
          uniq_blork_the_orc

Action                   |  1- 3 |  4- 6 || total
-------------------------+-------+-------++-------
Melee: Unarmed           |     7 |       ||     7
       Dagger            |    55 |    78 ||   133
 Cast: Flame Tongue      |    19 |    39 ||    58
       Throw Flame       |     5 |    20 ||    25
       Conjure Flame     |       |     1 ||     1
  Use: Scroll            |     5 |     6 ||    11
       Potion            |       |     4 ||     4
 Stab: Sleeping          |     4 |     3 ||     7
  Eat: Chunk             |     2 |     6 ||     8
       Meat ration       |       |     1 ||     1
